 Dungeon Crawl Stone Soup version 0.30.1-11-g7821555f0a (webtiles) character file.

Game seed: 5449607339547600979

4638 Peloso the Carver (level 10, -1/88 HPs)
             Began as a Minotaur Fighter on Dec 12, 2023.
             Slain by a troll (3 damage)
             ... on level 9 of the Dungeon.
             The game lasted 00:13:50 (5497 turns).

Peloso the Carver (Minotaur Fighter)                Turns: 5497, Time: 00:13:51

Health: -1/88      AC: 20    Str: 20    XL:     10   Next: 20%
Magic:  9/9        EV:  7    Int:  4    God:
Gold:   425        SH:  6    Dex: 15    Spells: 9/9 levels left

rFire   . . .        c - +4 scimitar
rCold   . . .        d - +0 buckler
rNeg    + . .        l - +1 plate armour
rPois   +            (helmet restricted)
rElec   .            y - +2 ratskin cloak {*Rats rPois rN+ Str-1 Int-1 Dex+1}
rCorr   .            (no gloves)
SInv    .            v - +0 pair of boots
Will    +....        p - amulet of regeneration Stlth
                     E - ring of willpower
HPRegen 1.14/turn    (no ring)
MPRegen 0.11/turn

%: no passive effects
@: no status effects
A: horns 2, retaliatory headbutt
a: no special abilities


You were on level 9 of the Dungeon.
You visited 2 branches of the dungeon, and saw 10 of its levels.
You also visited: Ossuary.

You collected 425 gold pieces.

Inventory:

Hand Weapons
 a - a +4 long sword
 b - a +2 spear of flaming
 c - a +4 scimitar (weapon)
Missiles
 k - 2 throwing nets (quivered)
Armour
 d - a +0 buckler (worn)
 l - a +1 plate armour (worn)
 v - a +0 pair of boots (worn)
 y - the +2 ratskin cloak (worn) {*Rats rPois rN+ Str-1 Int-1 Dex+1}
   (You found it on level 7 of the Dungeon)

   *Rats:     When the wearer is hurt, rats may emerge from it to assist them.
   Str:       It affects your strength (-1).
   Int:       It affects your intelligence (-1).
   Dex:       It affects your dexterity (+1).
   rPois:     It protects you from poison.
   rN:        It protects you from negative energy.
 G - a +2 cloak
Jewellery
 p - an amulet of regeneration (around neck)
 q - an amulet of guardian spirit
 t - a ring of magical power
 z - a ring of see invisible
 E - a ring of willpower (left hand)
Wands
 A - a wand of roots (4)
 F - a wand of mindburst (11)
Scrolls
 i - 3 scrolls of poison
 j - a scroll of enchant armour
 n - 3 scrolls of enchant weapon
 r - a scroll of brand weapon
 s - 2 scrolls of teleportation
 x - a scroll of identify
 H - 2 scrolls of vulnerability {unknown}
Potions
 e - a potion of heal wounds
 f - 2 potions of flight
 g - 2 potions of lignification
 h - 2 potions of might
 m - 3 potions of magic
 o - a potion of ambrosia
 u - 7 potions of curing
 w - 3 potions of cancellation
 B - a potion of attraction {unknown}
 C - 6 potions of mutation
 D - 2 potions of haste {unknown}


   Skills:
 + Level 8.2 Fighting
 + Level 11.6 Long Blades
 + Level 10.1 Armour
 + Level 2.4 Dodging
 + Level 7.3 Shields


You had 9 spell levels left.
You didn't know any spells.
Your spell library contained the following spells:

 Spells                   Type           Power      Damage    Failure   Level
 Summon Small Mammal      Summ           0%         N/A       100%        1
 Call Canine Familiar     Summ           0%         N/A       100%        3
 Summon Guardian Golem    Hex/Summ       0%         N/A       100%        3
 Vhi's Electric Charge    Tloc/Air       0%         N/A       100%        3
 Arcjolt                  Conj/Air       0%         1d10      100%        5
 Plasma Beam              Fire/Air       0%         2x1d11    100%        6


Dungeon Overview and Level Annotations

Branches:
Dungeon (9/15)             Temple (1/1) D:4            Lair (0/5) D:8
Ossuary (visited)
    Orc: D:9-12

Altars:
Ashenzari
Cheibriados
Dithmenos
Elyvilon
Fedhas
Gozag
Hepliaklqana
Kikubaaqudgha
Makhleb
Nemelex Xobeh
Okawaru
Qazlal
Ru
Sif Muna
Trog
Uskayaw
Vehumet
Xom
Yredelemnul
Zin


Innate Abilities, Weirdness & Mutations

You have a pair of horns on your head.
You reflexively headbutt those who attack you in melee.


Message History

The cyclops throws a large rock.
Reactivating autopickup.
You feel a bit more experienced.
The tengu conjurer casts a spell.
The tengu conjurer conjures a globe of magical energy!
A battlesphere comes into view.
You barely miss the cyclops.
Unknown command.
You slash the cyclops!
The cyclops is lightly wounded.
The cyclops hits you.
You slash the cyclops!
The cyclops is moderately wounded.
You hit the cyclops. You headbutt the cyclops.
The cyclops is heavily wounded.
You block the cyclops's attack.
A troll comes into view.
You hit the cyclops but do no damage.
You headbutt the cyclops, but do no damage.
The cyclops is heavily wounded.
The cyclops hits you!!
A gnoll sergeant comes into view. It is wielding a +0 antimagic trident.
The gnoll sergeant shouts!
You slice the cyclops!!
The cyclops is severely wounded.
You hear a roar!
You hear a horrible gurgling sound!
You hit the cyclops but do no damage.
You headbutt the cyclops, but do no damage.
The cyclops is severely wounded.
You hear an angry hiss.
You hear a howl!
The cyclops hits you!!
* * * LOW HITPOINT WARNING * * *
You hit the cyclops.
The cyclops is almost dead.
The cyclops hits you!!
* * * LOW HITPOINT WARNING * * *
You hit the cyclops.
The cyclops is almost dead.
The troll bites you.
You die...

.# ##... )..## .. #..#.
#..### ..##.# ##
#....###....## #.
##...###...####
##..#....##....# ##
##..##.###......#
#..####T.#####........#
#..#@.## #...........
#.gC.###.........#...
.......###
...#.....##... ##.###.
.>.......#...# W#.#.##
.............# .##
............## ...
.###.....#..#. ...
#..#....... #. #(####
...#


You could see a cyclops, a troll and a gnoll sergeant.

Vanquished Creatures
  Maurice (D:8)
  Maggie (D:8)
  A shadow (D:9)
  Menkaure (D:6)
  3 wargs (D:8)
  A water moccasin (D:7)
  Pargi (D:3)
  An ice beast (D:7)
  2 ogres
  An elf zombie (Ossuary)
  2 kobold brigands
  4 bullfrogs
  A scorpion (D:6)
  12 wights (D:8)
  6 killer bees (D:7)
  A howler monkey (D:6)
  A jelly (D:4)
  An orc priest (D:4)
  2 gnoll boudas
  3 iguanas
  8 orc wizards
  3 hell rats (D:7)
  4 mummies (Ossuary)
  Robin (D:3)
  9 gnolls
  13 river rats (D:7)
  7 adders
  A shadow imp (D:4)
  A white imp (D:7)
  2 adder zombies (Ossuary)
  A worm (D:2)
  3 dart slugs (D:1)
  23 orcs
  11 bats
  5 endoplasms
  3 giant cockroaches
  2 gnoll zombies (Ossuary)
  12 goblins
  9 hobgoblins
  7 jackals
  5 quokkas
  4 ball pythons
  5 frilled lizards (D:1)
  3 hobgoblin zombies (Ossuary)
  2 jackal zombies (Ossuary)
  17 kobolds
  A kobold zombie (Ossuary)
  An orc zombie (Ossuary)
  13 rats
222 creatures vanquished.

Vanquished Creatures (collateral kills)
  Pikel (D:7)
1 creature vanquished.

Vanquished Creatures (others)
  A vampire (D:9)
1 creature vanquished.

Grand Total: 224 creatures vanquished

Notes
Turn   | Place    | Note
-------+----------+-------------------------------------------
     0 | D:1      | Peloso the Minotaur Fighter began the quest for the Orb.
     0 | D:1      | Reached XP level 1. HP: 19/19 MP: 0/0
   165 | D:1      | Reached XP level 2. HP: 14/27 MP: 1/1
   330 | D:1      | Reached skill level 3 in Long Blades
   600 | D:1      | Reached XP level 3. HP: 29/33 MP: 2/2
   946 | D:2      | Reached XP level 4. HP: 40/40 MP: 3/3
  1197 | D:2      | Reached skill level 4 in Long Blades
  1460 | D:3      | Noticed Pargi
  1465 | D:3      | Killed Pargi
  1466 | D:3      | Reached skill level 1 in Dodging
  1466 | D:3      | Reached XP level 5. HP: 46/47 MP: 4/4
  1549 | D:3      | Identified the +0 helmet of Insecurity {Will+}
  1549 | D:3      | Noticed Robin
  1575 | D:3      | Killed Robin
  1576 | D:3      | Reached skill level 5 in Long Blades
  1828 | D:3      | Found a bloodstained altar of Trog.
  1829 | D:3      | Found a basalt altar of Yredelemnul.
  1829 | D:3      | Found an iron altar of Okawaru.
  1831 | D:3      | Found a hide-covered altar of Uskayaw.
  1831 | D:3      | Found a sparkling altar of Nemelex Xobeh.
  1852 | D:3      | Found a stormy altar of Qazlal.
  2101 | D:4      | Found a shimmering blue altar of Sif Muna.
  2179 | D:4      | Reached XP level 6. HP: 43/53 MP: 5/5
  2217 | D:4      | Reached skill level 5 in Armour
  2321 | D:4      | Found a staircase to the Ecumenical Temple.
  2326 | Temple   | Entered the Ecumenical Temple
  2470 | D:4      | Found a blossoming altar of Fedhas.
  2551 | D:5      | Entered Level 5 of the Dungeon
  2564 | D:5      | Found a broken altar of Ashenzari.
  2590 | D:5      | Found a sacrificial altar of Ru.
  2693 | D:5      | Reached skill level 6 in Long Blades
  2866 | D:5      | Found a burning altar of Makhleb.
  3114 | D:6      | Reached XP level 7. HP: 60/60 MP: 6/6
  3283 | D:6      | Reached skill level 5 in Fighting
  3323 | D:6      | Noticed Menkaure
  3333 | D:6      | Reached skill level 7 in Long Blades
  3374 | D:6      | Killed Menkaure
  3803 | D:7      | Reached skill level 5 in Shields
  3803 | D:7      | Reached XP level 8. HP: 69/69 MP: 7/7
  3837 | D:7      | Found a hazy altar of Hepliaklqana.
  3858 | D:7      | Reached skill level 8 in Long Blades
  4012 | D:7      | Found a sand-covered staircase.
  4023 | Ossuary  | Entered an ossuary
  4169 | Ossuary  | Identified the +7 sling "Xerub" {antimagic, rElec rCorr
                  | SInv}
  4334 | D:7      | Reached skill level 9 in Long Blades
  4404 | D:7      | Found the +2 ratskin cloak {*Rats rPois rN+ Str-1 Int-1
                  | Dex+1}
  4628 | D:7      | Reached XP level 9. HP: 56/78 MP: 8/8
  4644 | D:8      | Noticed Pikel
  4662 | D:7      | Killed Pikel
  4663 | D:7      | Reached skill level 10 in Long Blades
  4751 | D:8      | Noticed Maurice
  4770 | D:8      | Killed Maurice
  4888 | D:8      | Reached skill level 11 in Long Blades
  4925 | D:8      | Found a staircase to the Lair.
  4978 | D:8      | Reached XP level 10. HP: 61/88 MP: 9/9
  4987 | D:8      | Noticed Maggie
  5014 | D:8      | Killed Maggie
  5015 | D:8      | Reached skill level 10 in Armour
  5166 | D:8      | Identified the +1 leather armour of the Red God {Str+3
                  | Dex+4}
  5193 | D:8      | Found an ancient bone altar of Kikubaaqudgha.
  5479 | D:9      | Noticed a cyclops
  5496 | D:9      | HP: 1/88 [cyclops (25)]
  5497 | D:9      | Slain by a troll

Illustrated notes

Levels and vault maps discovered:
D:1:      sevenhm_arrival_forest_fort_small_6, layout_loops_ring
D:2:      layout_basic
D:3:      layout_basic, grunt_temple_overflow_open, uniq_pargi, uniq_robin
D:4:      layout_rooms, mainiacjoe_overflow_alcove_1, fedhas_altar_2,
          minmay_temple_entry_sparse_star
D:5:      layout_basic, mainiacjoe_overflow_paths, mainiacjoe_overflow_catwalk,
          lemuel_doored_altar, kennysheep_mini_moat,
          nicolae_tso_besieged_by_evil
D:6:      layout_loops_ring, uniq_menkaure
D:7:      wander_guarded_unrand_ratskin, layout_basic,
          mainiacjoe_overflow_alcove_2, nicolae_ossuary_entry_monument
D:8:      layout_rooms, kiku_gazebo_garden_becter, erik_lair_orcish_takeover,
          uniq_pikel, uniq_maurice, uniq_maggie
D:9:      minmay_the_grid_four_pointed_star_mashed
          [minmay_the_grid_triangle_9x9_wacky_v,
          minmay_the_grid_triangle_9x9_warning,
          minmay_the_grid_triangle_9x9_semitri,
          minmay_the_grid_triangle_9x9_intruding_spiral,
          minmay_the_grid_prize_four_corners_diamond_a], layout_layer_cave
Temple:   nicolae_temple_great_sept

Skill      XL: |  1  2  3  4  5  6  7  8  9 10 |
---------------+-------------------------------+-----
Long Blades    | 3 4 5 6 7 9 11 | 11.6
Armour         | 4 5 7 8 9 10 | 10.1
Shields        | 4 5 6 7 |  7.3
Fighting       | 4 5 6 8 |  8.2
Dodging        | 1 2 |  2.4

Action                     |  1- 3 |  4- 6 |  7- 9 | 10-12 || total
---------------------------+-------+-------+-------+-------++-------
  Melee: Long sword        |    92 |   155 |   384 |       ||   631
         Headbutt          |    17 |    31 |    77 |    18 ||   143
         Scimitar          |       |       |    20 |    78 ||    98
    Use: Potion            |     1 |       |       |       ||     1
         Scroll            |       |     6 |    11 |       ||    17
 Armour: Scale mail        |    47 |     8 |       |       ||    55
         Plate armour      |       |   112 |   261 |    59 ||   432
  Dodge: Dodged            |    45 |    44 |   118 |    15 ||   222
  Block: Buckler           |    18 |    37 |   106 |    16 ||   177
